 Dungeon Crawl Stone Soup version 0.31-a0-986-g5e6e4ef867 (webtiles) character file.

Game seed: 4308857771449937602

16393 promet the Basher (level 12, -13/80 HPs)
             Began as a Gargoyle Fighter on Nov 10, 2023.
             Was a Believer of Nemelex Xobeh.
             Mangled by a death yak (21 damage)
             ... on level 9 of the Dungeon on Nov 15, 2023.
             The game lasted 01:24:24 (16330 turns).

promet the Basher (Gargoyle Fighter)               Turns: 16330, Time: 01:24:24

Health: -13/80     AC: 19    Str: 23    XL:     12   Next: 37%
Magic:  12/12      EV: 12    Int: 11    God:    Nemelex Xobeh [**....]
Gold:   446        SH:  0    Dex:  6    Spells: 11/11 levels left

rFire   . . .        a - +2 morningstar
rCold   . . .        L - +3 buckler of Distant Worlds {Regen+}
rNeg    + . .        s - +0 troll leather armour
rPois   ∞            (no helmet)
rElec   +            v - +2 cloak
rCorr   +            (no gloves)
SInv    +            i - +2 pair of boots
Will    .....        K - amulet of reflection
Stlth   +            G - ring of see invisible
HPRegen 1.93/turn    Q - ring "Elaipneta" {Contam rPois rCorr Dex-3 SInv}
MPRegen 0.13/turn

%: reflection
@: confused, ambrosia-drunk
A: sickness immunity, AC +8, negative energy resistance 1, electricity
resistance, torment resistance 1, petrification resistance
a: Renounce Religion, Draw Escape, Draw Destruction, Draw Summoning


You were on level 9 of the Dungeon.
You worshipped Nemelex Xobeh.
Nemelex Xobeh was pleased with you.
You visited 3 branches of the dungeon, and saw 12 of its levels.
You also visited: Ossuary.

You collected 744 gold pieces.
You spent 298 gold pieces at shops.

Inventory:

Hand Weapons
 a - a +2 morningstar (weapon)
 b - a +0 sling
 c - a +1 short sword of electrocution
 p - a +0 long sword
 x - a +0 whip of draining
 y - a +0 flail
 E - a +1 morningstar of holy wrath
Missiles
 g - 63 stones
 q - 6 darts of dispersal
 H - a curare-tipped dart (quivered)
 P - 2 atropa-tipped darts
Armour
 e - +0 steam dragon scales
 i - a +2 pair of boots (worn)
 s - a +0 troll leather armour (worn)
 v - a +2 cloak (worn)
 L - the +3 buckler of Distant Worlds (worn) {Regen+}
   (You acquired it on level 3 of the Dungeon)

   Regen+:    It increases your rate of health regeneration.
Jewellery
 h - a ring of fire
 o - an amulet of faith
 t - a ring of wizardry
 G - a ring of see invisible (left hand)
 K - an amulet of reflection (around neck)
 Q - the ring "Elaipneta" (right hand) {Contam rPois rCorr Dex-3 SInv}
   (You bought it in a shop on level 3 of the Dungeon)

   [ring of poison resistance]

   Dex-3:     It affects your dexterity (-3).
   rPois:     It protects you from poison SInv: It lets you see invisible.
   Contam:    It causes magical contamination when unequipped.
   rCorr:     It protects you from acid and corrosion.
Wands
 l - a wand of acid (8)
 u - a wand of roots (10)
 B - a wand of mindburst (5)
 I - a wand of polymorph (9)
 J - a wand of paralysis (1)
 N - a wand of flame (15)
Scrolls
 d - a scroll of amnesia
 z - 2 scrolls of revelation
 C - a scroll of poison
 D - a scroll of fear
 M - 2 scrolls of vulnerability
 R - a scroll of summoning
Potions
 f - 6 potions of lignification
 j - a potion of mutation {unknown}
 k - 2 potions of curing
 m - a potion of brilliance
 n - a potion of resistance {unknown}
 r - a potion of magic
 w - a potion of enlightenment
 A - a potion of ambrosia
 F - a potion of invisibility
 O - 2 potions of attraction {unknown}


   Skills:
 * Level 11.4 Fighting
 + Level 0.2 Short Blades
 + Level 11.8 Maces & Flails
 + Level 4.0 Ranged Weapons
 + Level 0.2 Throwing
 + Level 7.1 Armour
 * Level 5.9 Dodging
 + Level 4.1 Stealth
 + Level 8.2 Shields
 + Level 0.6 Evocations


You had 11 spell levels left.
You didn't know any spells.
Your spell library contained the following spells:

 Spells                   Type           Power      Damage    Failure   Level
 Apportation              Tloc           0%         N/A       43%         1
 Jinxbite                 Hex            0%         N/A       56%         2
 Wereblood                Tmut           0%         N/A       56%         2
 Ignite Poison            Fire/Tmut/Pois 0%         N/A       80%         3
 Petrify                  Tmut/Erth      0%         N/A       99%         4
 Sticky Flame             Conj/Fire      0%         2d3       99%         4
 Alistair's Intoxication  Tmut/Pois      0%         N/A       100%        5
 Irradiate                Conj/Tmut      0%         3d11      100%        5
 Ignition                 Fire           0%         3d3       100%        8
 Sublimation of Blood     Necr           Unusable   N/A       N/A         2

Dungeon Overview and Level Annotations

Branches:
Dungeon (10/15)            Temple (1/1) D:7            Lair (1/5) D:9
Ossuary (visited)
    Orc: D:9-12

Altars:
Ashenzari
Cheibriados
Dithmenos
Elyvilon
Fedhas
Gozag
Hepliaklqana
Kikubaaqudgha
Makhleb
Nemelex Xobeh
Okawaru
Qazlal
Ru
Sif Muna
Trog
Uskayaw
Vehumet
Wu Jian
Xom
Yredelemnul
Zin
The Shining One

Shops:
D:3 =   D:4 [

Annotations:
D:6 3 runed translucent doors, Persephone's ghost, novice MiMo


Innate Abilities, Weirdness & Mutations

You are immune to sickness and miasma.
Your stone body is resilient. (AC +8)
You are immune to poison.
You resist negative energy. (rN+)
You are resistant to electric shocks. (rElec)
You are resistant to unholy torment.
You are immune to petrification.


Message History

The death yak is lightly wounded.
You block the death yak's attack.
You impale the death yak!!
The death yak is heavily wounded.
The death yak barely misses you. You block the death yak's attack.
You sock the death yak!
The death yak is severely wounded.
The death yak gores you. You block the death yak's attack.
You sock the death yak!
The death yak is severely wounded.
The death yak misses you.
The death yak gores you but does no damage.
You sock the death yak!
The death yak is almost dead.
The death yak gores you but does no damage.
The death yak gores you.
You hit the death yak but do no damage.
The death yak is almost dead.
The death yak gores you!! You block the death yak's attack.
You bludgeon the death yak!!
You kill the death yak!
The death yak barely misses you.
The death yak attacks as it pursues you!
You block the death yak's attack.
You see here a death yak corpse.
The death yak attacks as it pursues you!
The death yak gores you!!
* * * LOW HITPOINT WARNING * * *
As you read the scroll of fear, it crumbles to dust.
You assume a fearsome visage.
The death yak resists with almost no effort.
The death yak gores you!
* * * LOW HITPOINT WARNING * * *
You are confused.
You feel invigorated. The death yak gores you!
* * * LOW HITPOINT WARNING * * *
The death yak attacks as it pursues you!
The death yak gores you!!
You die...
Your body glows slightly and disappears.

## #..######.##### #
#.........#
#######.#######.### ........#
#..)# ########## ######
###### #####.#..#### ##>.#
#....# .....###.#..#
##†########.#
##........#.###.Y...###...###
##.#..........#.@.###..#.#'.#
#####.#...............#.###.#
#####..#.....#......## #.#
###....###....#.....#..#####
#.#.#### #.###..#...#....#
#...# ### #.########### #####
###


You could see a death yak.

Vanquished Creatures
  A centaur warrior (D:10)
  2 two-headed ogres (D:10)
  3 death yaks (D:9)
  Nergalle (Lair:1)
  An ugly thing (D:9)
  4 cane toads (Lair:1)
  A kobold demonologist (D:9)
  6 komodo dragons
  2 trolls (D:10)
  Sigmund (D:5)
  A vampire (D:10)
  A wyvern (D:9)
  A wraith (D:10)
  4 basilisks
  A steam dragon (D:8)
  20 yaks
  Grum (Lair:1)
  An acid dragon (D:8)
  A water moccasin (Lair:1)
  3 orc warriors
  2 black bears
  An ice beast (D:8)
  A swamp drake (D:9)
  An ogre (D:4)
  12 wolves (Lair:1)
  A centaur (D:8)
  A phantom (D:5)
  2 elf zombies (Ossuary)
  A kobold brigand (D:7)
  A bullfrog (Lair:1)
  2 gnoll sergeants
  A scorpion (Lair:1)
  8 wights
  2 howler monkeys (D:8)
  4 centaur zombies (Ossuary)
  2 orc priests (D:6)
  5 hounds
  A human zombie (Ossuary)
  3 jellies
  A gnoll bouda (D:4)
  6 iguanas
  A sleepcap (D:5)
  10 orc wizards
  2 mummies (Ossuary)
  17 gnolls
  13 adders
  A shadow imp (D:7)
  4 ufetubi
  An adder zombie (Ossuary)
  A worm (D:2)
  A dart slug (D:1)
  21 orcs
  7 ball pythons
  7 endoplasms
  A giant cockroach (D:3)
  5 goblins
  11 hobgoblins
  A jackal (D:2)
  9 kobolds
  5 quokkas
  3 bats
  8 frilled lizards
  2 goblin zombies
  11 hobgoblin zombies (Ossuary)
  A jackal zombie (Ossuary)
  9 kobold zombies (Ossuary)
  6 orc zombies (Ossuary)
  6 rats
  2 rat zombies
280 creatures vanquished.

Vanquished Creatures (collateral kills)
  A howler monkey (D:9)
1 creature vanquished.

Grand Total: 281 creatures vanquished

Notes
Turn   | Place    | Note
-------+----------+-------------------------------------------
     0 | D:1      | promet the Gargoyle Fighter began the quest for the Orb.
     0 | D:1      | Reached XP level 1. HP: 14/14 MP: 1/1
   467 | D:1      | Reached XP level 2. HP: 20/20 MP: 2/2
  1662 | D:2      | Reached XP level 3. HP: 24/24 MP: 3/3
  1940 | D:2      | Reached XP level 4. HP: 26/29 MP: 4/4
  3523 | D:3      | Found Tiesed's Jewellery Emporium.
  3548 | D:3      | Reached XP level 5. HP: 34/34 MP: 5/5
  3607 | D:3      | Reached skill level 1 in Stealth
  3669 | D:3      | Identified a scroll of acquirement
  3669 | D:3      | Acquired the +3 buckler of Distant Worlds {Regen+}
  3728 | D:4      | Identified the "Aklumpol"
  4234 | D:4      | Reached XP level 6. HP: 39/40 MP: 6/6
  4472 | D:4      | Reached skill level 5 in Fighting
  4490 | D:4      | Found Xagisoh's Antique Armour Emporium.
  4999 | D:4      | Found a bloodstained altar of Trog.
  5050 | D:5      | Entered Level 5 of the Dungeon
  5184 | D:5      | Reached XP level 7. HP: 44/44 MP: 7/7
  5316 | D:5      | Noticed Sigmund
  5326 | D:5      | Killed Sigmund
  5327 | D:5      | Reached skill level 5 in Maces & Flails
  5372 | D:5      | Found a sand-covered staircase.
  5380 | Ossuary  | Entered an ossuary
  5933 | Ossuary  | Reached skill level 5 in Armour
  5933 | Ossuary  | Reached XP level 8. HP: 51/51 MP: 8/8
  5982 | Ossuary  | Reached skill level 1 in Dodging
  6553 | D:5      | Found a hide-covered altar of Uskayaw.
  7361 | D:6      | Found a runed translucent gate.
  7362 | D:6      | Found a runed translucent gate.
  7362 | D:6      | Found a runed translucent gate.
  7682 | D:6      | Reached XP level 9. HP: 54/56 MP: 9/9
  7725 | D:6      | Reached skill level 5 in Shields
  7814 | D:6      | Noticed Persephone's ghost (novice MiMo)
  8320 | D:7      | You fall into a shaft and drop 1 floor!
  8434 | D:7      | Found a staircase to the Ecumenical Temple.
  8463 | Temple   | Entered the Ecumenical Temple
  8683 | Temple   | Became a worshipper of Nemelex Xobeh the Trickster
  8795 | D:7      | Found an iron altar of Okawaru.
  9634 | D:8      | Found a sacrificial altar of Ru.
  9675 | D:8      | Reached * piety under Nemelex Xobeh
  9867 | D:8      | Found a shadowy altar of Dithmenos.
  9923 | D:9      | Noticed a purple ugly thing
  9934 | D:9      | Killed a purple ugly thing
  9935 | D:9      | Reached skill level 1 in Ranged Weapons
 10060 | D:9      | Reached XP level 10. HP: 54/64 MP: 10/10
 10175 | D:9      | Received a gift from Nemelex Xobeh
 10184 | D:9      | Found a hazy altar of Hepliaklqana.
 10331 | D:9      | Found an ancient bone altar of Kikubaaqudgha.
 10451 | D:9      | Noticed a kobold demonologist
 10460 | D:9      | Killed a kobold demonologist
 10637 | D:9      | Found an ornate altar of the Wu Jian Council.
 12123 | D:9      | Found a staircase to the Lair.
 12501 | D:10     | Entered Level 10 of the Dungeon
 12563 | D:10     | Noticed a centaur warrior
 12570 | D:10     | Killed a centaur warrior
 12571 | D:10     | Reached skill level 10 in Maces & Flails
 12743 | D:10     | Found a glowing golden altar of the Shining One.
 12805 | D:10     | Reached ** piety under Nemelex Xobeh
 13074 | D:10     | Noticed a two-headed ogre
 13295 | D:10     | Killed a two-headed ogre
 13296 | D:10     | Reached XP level 11. HP: 58/72 MP: 11/11
 13476 | D:10     | Found a large runed translucent door.
 13478 | D:10     | Found a large runed translucent door.
 13840 | D:10     | Noticed a two-headed ogre
 13898 | D:10     | Killed a two-headed ogre
 14358 | D:10     | Reached skill level 10 in Fighting
 14360 | D:10     | Found a shimmering altar of Xom.
 14367 | D:10     | Found a shimmering blue altar of Sif Muna.
 14542 | D:3      | Bought the ring "Elaipneta" {Contam rPois rCorr Dex-3 SInv}
                  | for 298 gold pieces
 14730 | Lair:1   | Entered Level 1 of the Lair of Beasts
 14994 | Lair:1   | Noticed Grum
 15024 | Lair:1   | Killed Grum
 15085 | Lair:1   | Noticed Nergalle
 15391 | Lair:1   | Reached skill level 5 in Dodging
 15450 | Lair:1   | Noticed a spectral orc warlord
 15467 | Lair:1   | Noticed a spectral orc warlord
 15467 | Lair:1   | Killed Nergalle
 15503 | Lair:1   | Reached XP level 12. HP: 75/79 MP: 12/12
 15941 | Lair:1   | Noticed a death yak
 15943 | Lair:1   | Noticed a death yak
 15945 | Lair:1   | Noticed a death yak
 15945 | Lair:1   | Noticed a death yak
 15946 | Lair:1   | Noticed a death yak
 15946 | Lair:1   | Noticed a death yak
 16060 | D:9      | Killed a death yak
 16064 | D:9      | Killed a death yak
 16325 | D:9      | Killed a death yak
 16328 | D:9      | HP: 4/80 [death yak (17)]
 16330 | D:9      | Mangled by a death yak

Illustrated notes

Levels and vault maps discovered:
D:1:      dpeg_arrival_erosion, layout_basic, st_stairs_8, minmay_crystal_room
D:2:      layout_loops_ring, grunt_ministairs_12, st_stairs_11
D:3:      layout_rooms, serial_shops, nicolae_shop_pleasant_corner_grove,
          kennysheep_generic_room_5
D:4:      layout_loops_ring, trog_book, serial_shops, kennysheep_mini_moat
D:5:      layout_gridville, lemuel_crystal_altar, enter_ossuary_4,
          nicolae_figureground_sparkle, uniq_sigmund
D:6:      layout_loops_ring, ebering_ghost_rock_garden, uniq_crazy_yiuf_cottage
D:7:      layout_rooms, amcnicky_altar_gilded, minmay_temple_entry_statues
D:8:      layout_cave_pools, nicolae_ru_sacrificial_ziggurat,
          mainiacjoe_overflow_alcove_1
D:9:      layout_basic, kiku_gazebo_garden_becter, mainiacjoe_overflow_24_doors,
          nzn_hepliaklqana_mist_gate, erik_lair_dragon
D:10:     layout_long_grid, mainiacjoe_overflow_brackets, jmf_multi_god_temple2,
          kennysheep_small_circle
Temple:   grunt_temple_mini_profane
Lair:1:   layout_loops_ring, uniq_nergalle, uniq_grum, uniq_amaemon

Skill      XL: |  1  2  3  4  5  6  7  8  9 10 11 12 |
---------------+-------------------------------------+-----
Fighting       | 4 5 6 8 9 10 11 | 11.4
Maces & Flails | 3 4 6 7 9 10 11 | 11.8
Stealth        | 1 3 4 |  4.1
Armour         | 4 5 6 7 |  7.1
Shields        | 4 6 7 8 |  8.2
Dodging        | 1 3 5 |  5.9
Ranged Weapons | 1 3 4 |  4.0
Short Blades   | |  0.2
Throwing       | |  0.2
Evocations     | |  0.6

Action                     |  1- 3 |  4- 6 |  7- 9 | 10-12 || total
---------------------------+-------+-------+-------+-------++-------
  Melee: Flail             |   114 |   222 |   336 |    24 ||   696
         Whip              |       |       |    67 |       ||    67
         Morningstar       |       |       |    49 |   482 ||   531
         Short sword       |       |       |       |    12 ||    12
   Fire: Sling             |       |       |    18 |    54 ||    72
  Throw: Stone             |       |       |     4 |     3 ||     7
         Dart              |       |       |       |     2 ||     2
 Invoke: Draw Summoning    |       |       |       |     1 ||     1
         Draw Destruction  |       |       |       |     2 ||     2
  Evoke: Wand              |       |     3 |     3 |     6 ||    12
    Use: Scroll            |     2 |     5 |     9 |     9 ||    25
         Potion            |       |       |     3 |     3 ||     6
   Stab: Paralysed         |       |       |     5 |       ||     5
         Sleeping          |       |       |       |     2 ||     2
 Armour: Scale mail        |    12 |       |       |       ||    12
         Chain mail        |    68 |    58 |       |       ||   126
         Plate armour      |       |   105 |   361 |       ||   466
         Steam dragon scal |       |       |    24 |    88 ||   112
         Troll leather arm |       |       |       |   225 ||   225
  Dodge: Dodged            |    37 |    63 |   114 |   196 ||   410
  Block: Buckler           |    24 |    65 |   189 |   300 ||   578

Table legend: (Time is in decaauts)
 A = Elapsed time spent in this place.
 B = Non-inter-level travel time spent in this place.
 C = Inter-level travel time spent in this place.
 D = Time resting spent in this place.
 E = Time spent auto-exploring this place.
 F = Levels seen in this place.
 G = Mean time per level.
                   A        B        C        D        E       F      G
               +--------+--------+--------+--------+--------+-----+--------+
         Total |  16465 |  15649 |    816 |   5027 |   4155 |  13 | 1266.5 |
       Dungeon |  13838 |  13022 |    816 |   4347 |   3992 |  10 | 1383.8 |
        Temple |    243 |    243 |      0 |      0 |      0 |   1 |  243.0 |
          Lair |   1271 |   1271 |      0 |    382 |    163 |   1 | 1271.0 |
       Ossuary |   1112 |   1112 |      0 |    297 |      0 |   1 | 1112.0 |
               +--------+--------+--------+--------+--------+-----+--------+

Top non-repeatable levels by time:
     D:9: 3004 daAuts
    D:10: 1876 daAuts
     D:4: 1592 daAuts
     D:1: 1559 daAuts
  Lair:1: 1271 daAuts
     D:2: 1246 daAuts
 Ossuary: 1112 daAuts
     D:3: 1083 daAuts
     D:5: 1047 daAuts
     D:8: 956 daAuts
     D:6: 778 daAuts
     D:7: 691 daAuts
  Temple: 243 daAuts
